 Dungeon Crawl Stone Soup version 0.31.0-32-g396128a36d (webtiles) character file.

Game seed: 13118556294829565582

2132 Henri the Purveyor of Pain (level 9, -3/75 HPs)
             Began as a Ghoul Necromancer on Apr 4, 2024.
             Was an Initiate of Kikubaaqudgha.
             Killed by divine providence
             ... invoked by an orc priest
              (14 damage)
             ... on level 6 of the Dungeon.
             The game lasted 00:28:28 (9027 turns).

Henri the Purveyor of Pain (Ghoul Necromancer)      Turns: 9027, Time: 00:28:29

Health: -3/75      AC: 11    Str: 12    XL:     9   Next: 30%
Magic:  8/11       EV: 12    Int: 21    God:    Kikubaaqudgha [......]
Gold:   285        SH:  0    Dex: 12    Spells: 3/11 levels left

rFire   + . .        y - +0 short sword (drain)
rCold   + . .        (no shield)
rNeg    + + +        k - +2 robe of Protective Custody {Int+3 Dex+3}
rPois   ∞            q - +0 helmet
rElec   .            f - +0 cloak
rCorr   .            B - +2 pair of gloves
SInv    .            s - +0 pair of boots
Will    .....        (no amulet)
Stlth   ++           C - ring of protection from fire
HPRegen 0.00/turn    (no ring)
MPRegen 0.12/turn

%: no passive effects
@: inhibited regen
A: claws 1, cold resistance 1, negative energy resistance 3, inhibited
regeneration, torment resistance 2, devour on kill
a: Renounce Religion


You were on level 6 of the Dungeon.
You worshipped Kikubaaqudgha.
Kikubaaqudgha was noncommittal.
You visited 1 branch of the dungeon, and saw 9 of its levels.

You collected 285 gold pieces.

Inventory:

Hand Weapons
 y - a +0 short sword of draining (weapon)
Armour
 f - a +0 cloak (worn)
 k - the +2 robe of Protective Custody (worn) {Int+3 Dex+3}
   (You found it on level 9 of the Dungeon)

   Int+3:     It affects your intelligence (+3).
   Dex+3:     It affects your dexterity (+3).
 o - the +2 kite shield "Rergheyfif" {Int+6}
   (You found it on level 2 of the Dungeon)

   Int+6:     It affects your intelligence (+6).
 q - a +0 helmet (worn)
 s - a +0 pair of boots (worn)
 B - a +2 pair of gloves (worn)
 F - the +0 robe of Protective Custody {Str+3 SInv}
   (You found it on level 9 of the Dungeon)

   Str+3:     It affects your strength (+3).
   SInv:      It lets you see invisible.
Jewellery
 d - a ring of ice
 C - a ring of protection from fire (left hand)
Wands
 e - a wand of charming (12)
 l - a wand of flame (11)
 m - a wand of polymorph (8)
Scrolls
 g - 2 scrolls of amnesia {unknown}
 h - a scroll of blinking {unknown}
 p - 2 scrolls of vulnerability {unknown}
 t - 2 scrolls of revelation {unknown}
 x - 2 scrolls of immolation {unknown}
 z - 2 scrolls of enchant armour {unknown}
 D - a scroll of butterflies {unknown}
 E - a scroll of fear {unknown}
Potions
 b - a potion of magic
 i - a potion of resistance {unknown}
 j - a potion of lignification {unknown}
 n - 2 potions of enlightenment
 r - 2 potions of degeneration
 v - 2 potions of attraction {unknown}
 w - a potion of might
 A - a potion of mutation {unknown}


   Skills:
 + Level 6.0 Fighting
 - Level 5.0 Armour
 - Level 1.7 Dodging
 - Level 2.1 Stealth
 - Level 1.7 Spellcasting
 * Level 9.8 Necromancy


You had 3 spell levels left.
You knew the following spells:

 Your Spells              Type           Power      Damage    Failure   Level
a - Necrotise             Necr           100%       1d9       1%          1
b - Vampiric Draining     Necr           43%        2d9       1%          3
c - Animate Dead          Necr           43%        N/A       2%          4

Your spell library contained the following spells:

 Spells                   Type           Power      Damage    Failure   Level
 Kiss of Death            Conj/Necr      88%        2d12      1%          1
 Fugue of the Fallen      Necr           43%        N/A       1%          3
 Confusing Touch          Hex            1%         N/A       41%         3
 Dazzling Flash           Conj/Hex       2%         N/A       41%         3
 Ozocubu's Armour         Ice            1%         N/A       41%         3
 Volatile Blastmotes      Fire/Tloc      2%         2d10      41%         3
 Dispel Undead            Necr           43%        3d17      2%          4
 Curse of Agony           Necr           43%        N/A       8%          5
 Manifold Assault         Tloc           1%         N/A       83%         4
 Olgreb's Toxic Radiance  Alch           1%         N/A       83%         4
 Starburst                Conj/Fire      0%         6d3       100%        6
 Ozocubu's Refrigeration  Ice            0%         4d7       100%        7
 Discord                  Hex            0%         N/A       100%        8
 Maxwell's Capacitive Co  Air            0%         ∞         100%        8


Dungeon Overview and Level Annotations

Branches:
Dungeon (9/15)               Lair (0/5) D:9
 Temple: D:4-7          Orc: D:9-12

Altars:
Fedhas
Hepliaklqana
Kikubaaqudgha
Makhleb
Qazlal
Sif Muna
Trog
Uskayaw
Vehumet
Xom

Shops:
D:4 [

Annotations:
D:7 Menkaure


Innate Abilities, Weirdness & Mutations

You are immune to poison.
You have sharp fingernails.
Your flesh is cold resistant. (rC+)
You are immune to negative energy. (rN+++)
You do not regenerate when monsters are visible.
You are immune to unholy pain and torment.
You thrive by killing the living.


Message History

Beogh smites you!
* * * LOW HITPOINT WARNING * * *
Unknown command.
You feel better.
The orc warrior hits you but does no damage.
The orc priest miscasts a cantrip.
Casting: Necrotise (safe; 1% risk of failure)
Confirm with . or Enter, or press ? or * to list all spells.
Aiming: Necrotise (safe; 1% risk of failure)
Press: ? - help, Shift-Dir - straight line, f - orc warrior
Aim: an orc warrior, wielding a +0 battleaxe and wearing a +0 chain mail (severely wounded, heavily drained, chance to affect: 91%)
The orc warrior writhes in agony!
The orc warrior hits you with a +0 battleaxe!
* * * LOW HITPOINT WARNING * * *
Casting: Necrotise (safe; 1% risk of failure)
Confirm with . or Enter, or press ? or * to list all spells.
Aiming: Necrotise (safe; 1% risk of failure)
Press: ? - help, Shift-Dir - straight line, f/p - orc warrior
Aim: an orc warrior, wielding a +0 battleaxe and wearing a +0 chain mail (almost dead, heavily drained, chance to affect: 91%)
The orc warrior writhes in agony!
You kill the orc warrior!
Kikubaaqudgha accepts your kill.
You feel better.
The dead are walking!
Training target 5.0 for Armour reached!
Your Fighting skill increases to level 6!
Your Armour skill increases to level 5!
Unknown command.
Unknown command.
Casting: Necrotise (safe; 1% risk of failure)
Confirm with . or Enter, or press ? or * to list all spells.
Aiming: Necrotise (safe; 1% risk of failure)
Press: ? - help, Shift-Dir - straight line, f - orc
Aim: an orc, wielding a +0 hand axe and wearing a +0 leather armour (chance to affect: 93%) Nothing appears to happen.
Your reaping aura expires.
Something barely misses you.
The orc priest calls down the wrath of Beogh upon you.
Beogh smites you!
You die...
Kikubaaqudgha rasps: "You have failed me!
Welcome... oblivion!"

#....#
#....#
#.#### #.#
#.# #.# #.#
#.# #@# #.#
###o#####...
#.oo........
.##
#.Z......##.
...
#........#
...
#........+
..
#........#
..
#........#
...


You could see 2 orc priests, an orc and a friendly orc warrior zombie.

Vanquished Creatures
  A hornet (D:9)
  Prince Ribbit (D:5)
  A steam dragon (D:8)
  An acid dragon (D:8)
  A water moccasin (D:6)
  An orc warrior (D:6)
  A black bear (D:5)
  2 sky beasts
  2 phantoms
  A kobold brigand (D:8)
  2 scorpions
  A wight (D:8)
  3 bombardier beetles
  A hound (D:7)
  2 jellies (D:6)
  3 iguanas
  2 sleepcaps
  5 orc wizards
  Robin (D:3)
  7 adders
  2 ufetubi (D:5)
  A ribbon worm (D:3)
  4 dart slugs
  21 orcs
  4 endoplasms
  3 giant cockroaches
  22 goblins
  8 hobgoblins
  4 jackals (D:5)
  10 kobolds
  A quokka (D:1)
  8 ball pythons
  4 bats
  A frilled lizard (D:3)
  2 rats
134 creatures vanquished.

Vanquished Creatures (collateral kills)
  An orc (D:6)
  3 hobgoblins
  A ball python (D:4)
  A frilled lizard (D:2)
6 creatures vanquished.

Vanquished Creatures (others)
  2 orc zombies (D:6)
2 creatures vanquished.

Grand Total: 142 creatures vanquished

Notes
Turn   | Place    | Note
-------+----------+-------------------------------------------
     0 | D:1      | Henri the Ghoul Necromancer began the quest for the Orb.
     0 | D:1      | Reached XP level 1. HP: 14/14 MP: 3/3
   356 | D:1      | Reached XP level 2. HP: 20/20 MP: 1/4
   943 | D:2      | Reached XP level 3. HP: 13/26 MP: 0/5
   947 | D:2      | Learned a level 3 spell: Vampiric Draining
  1019 | D:2      | Reached skill level 5 in Necromancy
  1424 | D:2      | Reached XP level 4. HP: 28/33 MP: 1/6
  1426 | D:2      | Identified the +2 kite shield "Rergheyfif" {Int+6}
  1893 | D:3      | Noticed Robin
  2190 | D:3      | Reached skill level 1 in Fighting
  2331 | D:3      | Killed Robin
  2620 | D:3      | Reached XP level 5. HP: 40/40 MP: 0/7
  2731 | D:3      | Reached skill level 1 in Armour
  3059 | D:3      | Reached skill level 6 in Necromancy
  3374 | D:3      | Found a faded altar of an unknown god.
  3922 | D:4      | Found Juysy's Armour Shoppe.
  4012 | D:4      | Reached XP level 6. HP: 41/48 MP: 1/8
  4475 | D:4      | Learned a level 4 spell: Animate Dead
  4798 | D:5      | Entered Level 5 of the Dungeon
  4878 | D:5      | Noticed a black bear
  5280 | D:5      | Noticed Prince Ribbit
  5339 | D:5      | Killed Prince Ribbit
  5340 | D:5      | Reached skill level 7 in Necromancy
  5340 | D:5      | Reached XP level 7. HP: 21/57 MP: 2/9
  6485 | D:6      | Reached XP level 8. HP: 61/66 MP: 1/10
  6557 | D:6      | Found a shimmering blue altar of Sif Muna.
  6623 | D:6      | Reached skill level 8 in Necromancy
  6793 | D:6      | Found a shimmering altar of Xom.
  7271 | D:6      | Found an ancient bone altar of Kikubaaqudgha.
  7277 | D:6      | Became a worshipper of Kikubaaqudgha
  7391 | D:6      | You fall into a shaft and drop 3 floors!
  7394 | D:9      | Identified the +0 robe of Protective Custody {Str+3 SInv}
  7514 | D:9      | Noticed a wyvern
  7516 | D:9      | Noticed a yak
  7650 | D:8      | Found a bloodstained altar of Trog.
  7650 | D:8      | Found a stormy altar of Qazlal.
  7650 | D:8      | Found a burning altar of Makhleb.
  7650 | D:8      | Found a radiant altar of Vehumet.
  7653 | D:8      | Found a blossoming altar of Fedhas.
  7741 | D:9      | Noticed a vampire
  8030 | D:9      | Identified the +2 robe of Protective Custody {Int+3 Dex+3}
  8038 | D:8      | Noticed a hornet
  8049 | D:9      | Killed a hornet
  8050 | D:9      | Reached skill level 5 in Fighting
  8050 | D:9      | Reached skill level 9 in Necromancy
  8163 | D:9      | Found a hazy altar of Hepliaklqana.
  8163 | D:9      | Found a hide-covered altar of Uskayaw.
  8243 | D:9      | Found a staircase to the Lair.
  8472 | D:8      | Reached XP level 9. HP: 32/74 MP: 6/11
  8621 | D:8      | Noticed a two-headed ogre
  8945 | D:7      | Noticed Menkaure
  9026 | D:6      | Reached skill level 5 in Armour
  9027 | D:6      | Killed from afar by an orc priest

Illustrated notes

Levels and vault maps discovered:
D:1:      giann_horns, layout_basic
D:2:      layout_basic, minmay_crystal_room
D:3:      corexii_shack_village, layout_loops_ring,
          chequers_ecumenical_altar_simple, hellmonk_no_cap, uniq_robin
D:4:      layout_basic, mainiacjoe_overflow_tiny_flanked, serial_shops, shop,
          kennysheep_small_square
D:5:      layout_cave_pods, kennysheep_windowed_goal, uniq_prince_ribbit1
D:6:      layout_basic, old_standard_altar, xom_butterflies,
          nicolae_sif_muna_little_library, minmay_temple_entry_water_ring,
          gammafunk_ghost_cemetery
D:7:      layout_loops_ring, mainiacjoe_overflow_alcove_4,
          nemelex_xobeh_ov_fountains_minmay, minmay_fire_ice_demons,
          uniq_jeremiah, uniq_menkaure, uniq_maurice
D:8:      layout_basic, nicolae_overflow_hidden_temple
D:9:      minmay_four_partial_circles, layout_rooms,
          amethyst_overflow_temple_binary, lair_entry_dummy, erik_orc_1

Skill      XL: |  1  2  3  4  5  6  7  8  9 |
---------------+----------------------------+-----
Necromancy     | 5 6 7 9 |  9.8
Fighting       | 1 2 3 4 5 6 |  6.0
Armour         | 1 2 3 4 5 |  5.0
Dodging        | |  1.7
Stealth        | |  2.1
Spellcasting   | |  1.7

Action                     |  1- 3 |  4- 6 |  7- 9 || total
---------------------------+-------+-------+-------++-------
  Melee: Unarmed           |    18 |    38 |       ||    56
         Short sword       |       |    18 |   279 ||   297
         Punch             |       |       |     1 ||     1
   Cast: Necrotise         |    58 |   175 |   104 ||   337
         Animate Dead      |       |       |     3 ||     3
         Vampiric Draining |       |       |     4 ||     4
    Use: Scroll            |       |     5 |     4 ||     9
         Potion            |       |       |    12 ||    12
 Armour: Robe              |    22 |    59 |   232 ||   313
  Dodge: Dodged            |    24 |    80 |   210 ||   314
